| TOP OF THE 1ST |
|
Delmarva Shorebirds batting - Pitching for Cedar Rapids Kernels : LHP Jon Lizarraga
|
|
Pitching: LHP Jon Lizarraga
|
|
|
Batting: RHB Josh Hopp
|
0-0: Ball 1-0: Foul Ball, location: 2F 1-1: Ground out 3-1 (Groundball, 34, EV 86.9 MPH)
|
|
Batting: RHB Francisco Viera
|
0-0: Called Strike 0-1: Ball 1-1: Foul Ball, location: 2F 1-2: Ground out 6-3 (Groundball, 6, EV 92.5 MPH)
|
|
Batting: RHB Luke Vaccarino
|
0-0: Ball 1-0: Fly out, F9 (Flyball, 9D, EV 101.2 MPH)
|
| Top of the 1st over - 0 runs, 0 hits, 0 errors, 0 left on base; Delmarva 0 - Cedar Rapids 0 |
| BOTTOM OF THE 1ST |
|
Cedar Rapids Kernels batting - Pitching for Delmarva Shorebirds : RHP Ryan Kotter
|
|
Pitching: RHP Ryan Kotter
|
|
|
Batting: RHB David McDonald
|
0-0: Called Strike 0-1: Fly out, F9 (Flyball, 89M, EV 76.9 MPH)
|
|
Batting: RHB Tim Carter
|
0-0: Ball 1-0: Called Strike 1-1: Foul Ball, location: 2F 1-2: Ball 2-2: Ground out 6-3 (Groundball, P, EV 77.5 MPH)
|
|
Batting: LHB Kuemon Shishido
|
0-0: Swinging Strike 0-1: Ball 1-1: Swinging Strike 1-2: Ball 2-2: Strikes out swinging
|
| Bottom of the 1st over - 0 runs, 0 hits, 0 errors, 0 left on base; Delmarva 0 - Cedar Rapids 0 |
| TOP OF THE 2ND |
|
Delmarva Shorebirds batting - Pitching for Cedar Rapids Kernels : LHP Jon Lizarraga
|
|
Batting: RHB Daniel Jackson
|
0-0: Ball 1-0: Foul Ball, location: 2F 1-1: Ball 2-1: Ball 3-1: Swinging Strike 3-2: Base on Balls
|
|
Batting: RHB Ethan Finke
|
0-0: Fly out, F8 (Flyball, 8RD, EV 96.2 MPH)
|
|
Batting: RHB Mike Pitts
|
0-0: Ball 1-0: Foul Ball, location: 2F 1-1: Ball 2-1: Foul Ball, location: 2F 2-2: Foul Ball, location: 2F 2-2: Grounds into double play, 4-6-3 (Groundball, 13, EV 88.8 MPH)
|
| Top of the 2nd over - 0 runs, 0 hits, 0 errors, 0 left on base; Delmarva 0 - Cedar Rapids 0 |
| BOTTOM OF THE 2ND |
|
Cedar Rapids Kernels batting - Pitching for Delmarva Shorebirds : RHP Ryan Kotter
|
|
Batting: LHB Shaun Price
|
0-0: Called Strike 0-1: Ball 1-1: Swinging Strike 1-2: Strikes out swinging
|
|
Batting: LHB Brian Wagner
|
0-0: Ball 1-0: Foul Ball, location: 2F 1-1: Ground out 4-3 (Groundball, 34D, EV 96.9 MPH)
|
|
Batting: LHB Marvin Shepherd
|
0-0: Called Strike 0-1: Ball 1-1: Ground out 6-3 (Groundball, 6, EV 92.5 MPH)
|
| Bottom of the 2nd over - 0 runs, 0 hits, 0 errors, 0 left on base; Delmarva 0 - Cedar Rapids 0 |
| TOP OF THE 3RD |
|
Delmarva Shorebirds batting - Pitching for Cedar Rapids Kernels : LHP Jon Lizarraga
|
|
Batting: RHB Mike Zepeda
|
0-0: Ball 1-0: Called Strike 1-1: Ball 2-1: Ball 3-1: Called Strike 3-2: Fly out, F8 (Flyball, 8LM, EV 91.2 MPH)
|
|
Batting: LHB Eric Jackson
|
0-0: Foul Ball, location: 2F 0-1: Ball 1-1: Ball 2-1: SINGLE (Groundball, 56D, EV 96.9 MPH)
|
|
Batting: RHB Matt O'Dea
|
0-0: Ball Eric Jackson steals 2nd base (no throw) 1-0: Foul Ball, location: 2F 1-1: Ball 2-1: DOUBLE (Line Drive, 9LM, EV 89.4 MPH) Eric Jackson scores
|
|
Batting: RHB Josh Hopp
|
0-0: Ground out 4-3 (Groundball, 4S, EV 71.9 MPH) Matt O'Dea to third
|
|
Batting: RHB Francisco Viera
|
0-0: Swinging Strike 0-1: Ball 1-1: Ball 2-1: Ball 3-1: Foul Ball, location: 2F 3-2: Base on Balls
|
|
Batting: RHB Luke Vaccarino
|
0-0: Ball 1-0: Foul Ball, location: 2F 1-1: Swinging Strike 1-2: Fielders Choice at 2nd, 6-4 (Groundball, 6, EV 79.4 MPH)
|
| Top of the 3rd over - 1 run, 2 hits, 0 errors, 2 left on base; Delmarva 1 - Cedar Rapids 0 |
| BOTTOM OF THE 3RD |
|
Cedar Rapids Kernels batting - Pitching for Delmarva Shorebirds : RHP Ryan Kotter
|
|
Batting: RHB Chris Bejarano
|
0-0: Called Strike 0-1: Ball 1-1: Fly out, F8 (Flyball, 8LM, EV 94.4 MPH)
|
|
Batting: LHB Hector Olvera
|
0-0: SINGLE (Groundball, 34D, EV 106.2 MPH)
|
|
Batting: RHB Antonio Santos
|
0-0: Called Strike 0-1: Foul Ball, location: 2F 0-2: Ball 1-2: Ball 2-2: Strikes out looking
|
|
Batting: RHB David McDonald
|
0-0: Called Strike 0-1: Called Strike 0-2: Ball 1-2: Ball 2-2: Strikes out swinging
|
| Bottom of the 3rd over - 0 runs, 1 hit, 0 errors, 1 left on base; Delmarva 1 - Cedar Rapids 0 |
| TOP OF THE 4TH |
|
Delmarva Shorebirds batting - Pitching for Cedar Rapids Kernels : LHP Jon Lizarraga
|
|
Batting: RHB Daniel Jackson
|
0-0: Called Strike 0-1: Called Strike 0-2: Strikes out swinging
|
|
Batting: RHB Ethan Finke
|
0-0: Called Strike 0-1: Ball 1-1: Swinging Strike 1-2: Ball 2-2: Ball 3-2: Ground out U3 (Groundball, 34S, EV 83.1 MPH)
|
|
Batting: RHB Mike Pitts
|
0-0: Called Strike 0-1: SINGLE (Groundball, 6M, EV 78.1 MPH) (infield hit)
|
|
Batting: RHB Mike Zepeda
|
0-0: Called Strike 0-1: Ball 1-1: Swinging Strike 1-2: Strikes out swinging
|
| Top of the 4th over - 0 runs, 1 hit, 0 errors, 1 left on base; Delmarva 1 - Cedar Rapids 0 |
| BOTTOM OF THE 4TH |
|
Cedar Rapids Kernels batting - Pitching for Delmarva Shorebirds : RHP Ryan Kotter
|
|
Batting: RHB Tim Carter
|
0-0: SINGLE (Groundball, 34D, EV 100.0 MPH)
|
|
Batting: LHB Kuemon Shishido
|
0-0: Fly out, F8 (Flyball, 8RM, EV 93.8 MPH)
|
|
Batting: LHB Shaun Price
|
0-0: SINGLE (Groundball, 56D, EV 108.1 MPH) Tim Carter to second
|
|
Batting: LHB Brian Wagner
|
0-0: Fly out, F8 (Flyball, 8RXD, EV 94.4 MPH)
|
|
Batting: LHB Marvin Shepherd
|
0-0: Called Strike 0-1: Called Strike 0-2: Ball 1-2: Strikes out swinging
|
| Bottom of the 4th over - 0 runs, 2 hits, 0 errors, 2 left on base; Delmarva 1 - Cedar Rapids 0 |
| TOP OF THE 5TH |
|
Delmarva Shorebirds batting - Pitching for Cedar Rapids Kernels : LHP Jon Lizarraga
|
|
Batting: LHB Eric Jackson
|
0-0: Swinging Strike 0-1: Called Strike 0-2: Ball 1-2: Ball 2-2: Foul Ball, location: 2F 2-2: Strikes out swinging
|
|
Batting: RHB Matt O'Dea
|
0-0: Called Strike 0-1: Ground out 6-3 (Groundball, 56, EV 94.4 MPH)
|
|
Batting: RHB Josh Hopp
|
0-0: Ball 1-0: Foul Ball, location: 2F 1-1: Fly out, F7 (Line Drive, 7LS, EV 90.0 MPH)
|
| Top of the 5th over - 0 runs, 0 hits, 0 errors, 0 left on base; Delmarva 1 - Cedar Rapids 0 |
| BOTTOM OF THE 5TH |
|
Cedar Rapids Kernels batting - Pitching for Delmarva Shorebirds : RHP Ryan Kotter
|
|
Batting: RHB Chris Bejarano
|
0-0: Ball 1-0: Foul Ball, location: 2F 1-1: Ball 2-1: SINGLE (Line Drive, 9S, EV 108.1 MPH)
|
|
Batting: LHB Hector Olvera
|
0-0: Ball 1-0: Called Strike 1-1: Called Strike Chris Bejarano steals 2nd base (no throw) 1-2: SINGLE (Line Drive, 78S, EV 90.6 MPH) Chris Bejarano to third
|
|
Batting: RHB Antonio Santos
|
0-0: Ball 1-0: Ground out 4-3 (Groundball, 4MS, EV 70.6 MPH) Chris Bejarano scores Hector Olvera to second
|
|
Batting: RHB David McDonald
|
0-0: Ball 1-0: Foul Ball, location: 2F 1-1: Ball 2-1: SINGLE (Groundball, 34D, EV 100.6 MPH) Hector Olvera to third Runner from 3rd tries for Home, SAFE, throw by RF to home David McDonald to second
|
|
Batting: RHB Tim Carter
|
0-0: Fly out, F7 (Flyball, 7D, EV 100.6 MPH) Runner from 2nd tags up, SAFE at 3rd, no throw by LF
|
|
Batting: LHB Kuemon Shishido
|
0-0: Foul Ball, location: 2F 0-1: Ball Wild Pitch! David McDonald scores 1-1: Called Strike 1-2: Strikes out looking
|
| Bottom of the 5th over - 3 runs, 3 hits, 0 errors, 0 left on base; Delmarva 1 - Cedar Rapids 3 |
| TOP OF THE 6TH |
|
Delmarva Shorebirds batting - Pitching for Cedar Rapids Kernels : LHP Jon Lizarraga
|
|
Batting: RHB Francisco Viera
|
0-0: Foul Ball, location: 2F 0-1: Foul Ball, location: 2F 0-2: Ball 1-2: Strikes out looking
|
|
Batting: RHB Luke Vaccarino
|
0-0: Ball 1-0: Foul Ball, location: 2F 1-1: Ground out 4-3 (Groundball, 4S, EV 88.1 MPH)
|
|
Batting: RHB Daniel Jackson
|
0-0: Ball 1-0: Fly out, F9 (Line Drive, 9D, EV 95.6 MPH)
|
| Top of the 6th over - 0 runs, 0 hits, 0 errors, 0 left on base; Delmarva 1 - Cedar Rapids 3 |
| BOTTOM OF THE 6TH |
|
Cedar Rapids Kernels batting - Pitching for Delmarva Shorebirds : RHP Ryan Kotter
|
|
Batting: LHB Shaun Price
|
0-0: Ball 1-0: Ball 2-0: SINGLE (Groundball, 34D, EV 98.8 MPH)
|
|
Batting: LHB Brian Wagner
|
0-0: Called Strike 0-1: Swinging Strike 0-2: Ball 1-2: Fly out, F8 (Line Drive, 8RM, EV 90.6 MPH)
|
|
Batting: LHB Marvin Shepherd
|
0-0: Called Strike 0-1: Ball 1-1: Foul Ball, location: 2F 1-2: Ball 2-2: Reached on error, E5 (Groundball, 5L, EV 90.0 MPH) Shaun Price to second
|
|
Batting: RHB Chris Bejarano
|
0-0: Foul Ball, location: 2F 0-1: Ball 1-1: Swinging Strike 1-2: Ball 2-2: Strikes out looking
|
|
Batting: LHB Hector Olvera
|
0-0: Swinging Strike 0-1: Foul Ball, location: 2F 0-2: Ball 1-2: Strikes out swinging
|
| Bottom of the 6th over - 0 runs, 1 hit, 1 error, 2 left on base; Delmarva 1 - Cedar Rapids 3 |
| TOP OF THE 7TH |
|
Delmarva Shorebirds batting - Pitching for Cedar Rapids Kernels : LHP Jon Lizarraga
|
|
Pitching: RHP Steven Legge
|
|
|
Batting: RHB Ethan Finke
|
0-0: Foul Ball, location: 2F 0-1: Ground out 5-3 (Groundball, 56, EV 84.4 MPH)
|
|
Batting: RHB Mike Pitts
|
0-0: Called Strike 0-1: Fly out, F9 (Flyball, 89M, EV 90.0 MPH)
|
|
Batting: RHB Mike Zepeda
|
0-0: Foul Ball, location: 2F 0-1: Ball 1-1: SINGLE (Groundball, 6MD, EV 100.0 MPH) (infield hit)
|
|
Batting: LHB Eric Jackson
|
0-0: Called Strike 0-1: Ball 1-1: Ball 2-1: Swinging Strike 2-2: Strikes out swinging
|
| Top of the 7th over - 0 runs, 1 hit, 0 errors, 1 left on base; Delmarva 1 - Cedar Rapids 3 |
| BOTTOM OF THE 7TH |
|
Cedar Rapids Kernels batting - Pitching for Delmarva Shorebirds : RHP Ryan Kotter
|
|
Batting: RHB Antonio Santos
|
0-0: Called Strike 0-1: Fly out, F9 (Line Drive, 89M, EV 92.5 MPH)
|
|
Pitching: RHP Wes Reynolds
|
|
|
Batting: RHB David McDonald
|
0-0: Called Strike 0-1: Called Strike 0-2: Strikes out swinging
|
|
Batting: RHB Tim Carter
|
0-0: Ball 1-0: DOUBLE (Flyball, 8LXD, EV 107.5 MPH)
|
|
Batting: LHB Kuemon Shishido
|
0-0: Ball 1-0: Called Strike 1-1: Ball 2-1: Ball 3-1: Fly out, F7 (Flyball, 7, EV 86.2 MPH)
|
| Bottom of the 7th over - 0 runs, 1 hit, 0 errors, 1 left on base; Delmarva 1 - Cedar Rapids 3 |
| TOP OF THE 8TH |
|
Delmarva Shorebirds batting - Pitching for Cedar Rapids Kernels : RHP Steven Legge
|
|
Batting: RHB Matt O'Dea
|
0-0: Ball 1-0: SOLO HOME RUN (Flyball, 89XD, EV 109.4 MPH), Distance : 415 ft
|
|
Batting: RHB Josh Hopp
|
0-0: Called Strike 0-1: Called Strike 0-2: Strikes out swinging
|
|
Batting: RHB Francisco Viera
|
0-0: Called Strike 0-1: Foul Ball, location: 2F 0-2: Ball 1-2: Ball 2-2: Fly out, F9 (Flyball, 9D, EV 91.9 MPH)
|
|
Batting: RHB Luke Vaccarino
|
0-0: Called Strike 0-1: Foul Ball, location: 2F 0-2: Ball 1-2: Ball 2-2: Fly out, F8 (Flyball, 8LM, EV 93.8 MPH)
|
| Top of the 8th over - 1 run, 1 hit, 0 errors, 0 left on base; Delmarva 2 - Cedar Rapids 3 |
| BOTTOM OF THE 8TH |
|
Cedar Rapids Kernels batting - Pitching for Delmarva Shorebirds : RHP Wes Reynolds
|
|
Batting: LHB Shaun Price
|
0-0: Called Strike 0-1: Swinging Strike 0-2: Strikes out swinging
|
|
Batting: LHB Brian Wagner
|
0-0: Foul Ball, location: 2F 0-1: Ball 1-1: Ground out U3 (Groundball, 3S, EV 81.9 MPH)
|
|
Batting: LHB Marvin Shepherd
|
0-0: Ball 1-0: Fly out, F8 (Flyball, 8LM, EV 78.8 MPH)
|
| Bottom of the 8th over - 0 runs, 0 hits, 0 errors, 0 left on base; Delmarva 2 - Cedar Rapids 3 |
| TOP OF THE 9TH |
|
Delmarva Shorebirds batting - Pitching for Cedar Rapids Kernels : RHP Steven Legge
|
|
Pitching: RHP Matt Lundy
|
|
|
Batting: RHB Daniel Jackson
|
0-0: Ball 1-0: Ball 2-0: Ground out 6-3 (Groundball, P, EV 82.5 MPH)
|
|
Batting: RHB Ethan Finke
|
0-0: Called Strike 0-1: Ball 1-1: Ball 2-1: Foul Ball, location: 2F 2-2: Ball 3-2: Base on Balls
|
|
Batting: RHB Mike Pitts
|
0-0: SINGLE (Groundball, 6MD, EV 110.0 MPH) Ethan Finke to second
|
|
Batting: RHB Mike Zepeda
|
0-0: Ball 1-0: Swinging Strike 1-1: Foul Ball, location: 2F 1-2: Strikes out swinging
|
|
Batting: LHB Eric Jackson
|
0-0: Ball 1-0: Swinging Strike 1-1: Called Strike 1-2: Strikes out swinging
|
| Top of the 9th over - 0 runs, 1 hit, 0 errors, 2 left on base; Delmarva 2 - Cedar Rapids 3 |
|